Map: Alcyone LE

Players

PUÑODEHIERRO - Winner!

  • Race: Protoss Protoss
  • League: Silver
  • Spawn Location: 7:00

IceBerry

  • Race: Terran Terran
  • League: Platinum
  • Spawn Location: 1:00

VOD

Have the link to the VOD?

Description

Time

  • Played on: Feb. 29, 2024, 1:26 p.m.
  • Length: 5:21
Show
View Real Time Build Order
Export as new Build Order

PUÑODEHIERRO Protoss - Winner!

Build Orders:  

Get SALT Encoding   

  12  0:01  Probe  
  13  0:21  Pylon  
  13  0:22  Probe  
  14  0:37  Probe  
  14  0:41  Gateway  
  15  0:47  Assimilator  
  15  0:51  Probe (Chrono Boost)  
  15  0:52  Assimilator  
  16  1:01  Probe (Chrono Boost)  
  17  1:10  Gateway  
  17  1:11  Probe (Chrono Boost)  
  18  1:22  Probe (Chrono Boost)  
  19  1:30  Cybernetics Core  
  19  1:36  Pylon  
  19  1:38  Probe  
  20  1:50  Probe  
  21  2:02  Probe  
  21  2:07  Stalker, Warp Gate (Chrono Boost)  
  21  2:08  Stalker  
  26  2:18  Gateway  
  26  2:23  Gateway  
  26  2:34  Pylon  
  26  2:49  Stalker x2  
  30  3:04  Pylon  
  30  3:05  Pylon  
  30  3:14  Stalker  
  30  3:17  Stalker  
  34  3:26  Probe (Chrono Boost)  
  35  3:38  Probe (Chrono Boost)  
  36  4:03  Stalker x4  
  44  4:13  Pylon  
  44  4:38  Stalker x4  
  40  5:06  Stalker  
  42  5:07  Stalker x2  
  42  5:08  Stalker  
Show
View Real Time Build Order
Export as new Build Order

IceBerry Terran 

Build Orders: Reaper Expand 

Get SALT Encoding   

  12  0:00  SCV  
  13  0:12  SCV  
  14  0:18  Supply Depot  
  14  0:24  SCV  
  15  0:39  SCV  
  15  0:40  Barracks  
  16  0:51  SCV  
  16  0:53  Refinery  
  17  1:03  SCV  
  18  1:15  SCV  
  19  1:28  Orbital Command  
  19  1:37  Reaper  
  20  1:47  Command Center  
  20  1:53  SCV  
  21  1:57  Refinery  
  21  2:05  SCV  
  22  2:11  Barracks Reactor  
  22  2:18  SCV  
  23  2:33  Factory  
  24  2:58  SCV  
  24  3:01  Orbital Command  
  24  3:05  Bunker  
  24  3:06  Marine x2  
  24  3:10  SCV  
  27  3:19  Cyclone  
  29  3:21  Starport  
  29  3:22  SCV  
  30  3:32  Marine x2  
  32  3:34  SCV  
  33  3:46  Supply Depot  
  33  3:49  Marine  
  33  3:50  Marine  
  33  3:51  Cyclone  
  37  4:00  SCV  
  38  4:07  Supply Depot  
  38  4:08  SCV  
  38  4:09  Supply Depot  
  39  4:11  Liberator  
  39  4:12  SCV  
  43  4:20  SCV  
  43  4:22  Marine x2  
  46  4:29  Cyclone  
  47  4:40  Marine x2, SCV x2  
  51  4:52  SCV x2  
Tags
 
Add a new tag
Caveats
  • Supply blocks, unpowered buildings, or Contaminate may cause inaccurate times.
  • Supply counts are checked every 10 seconds.